 Dungeon Crawl Stone Soup version 0.30-a0-782-ge64f9170bb (webtiles) character file.

Game seed: 11300797248438508454

18473 Flugslaktarn the Severer (level 12, -2/94 HPs)
             Began as a Formicid Fighter on Mar 9, 2023.
             Was a High Priest of Okawaru.
             Slain by a cyclops (24 damage)
             ... on level 11 of the Dungeon.
             The game lasted 00:07:26 (11882 turns).

Flugslaktarn the Severer (Formicid Fighter)        Turns: 11882, Time: 00:07:26

Health: -2/94      AC: 18    Str: 26    XL:     12   Next: 95%
Magic:  17/17      EV:  7    Int:  8    God:    Okawaru [*****.]
Gold:   559        SH: 11    Dex: 13    Spells: 11/11 levels left

rFire   . . .      SeeInvis +    l - +0 battleaxe
rCold   . . .      Faith    .    c - +0 buckler
rNeg    . . .      Spirit   .    u - +0 plate armour
rPois   .          Reflect  +    (helmet unavailable)
rElec   .          Harm     .    y - +2 cloak {Will+}
rCorr   .          Rampage  .    (no gloves)
Will    ++...                    f - +0 pair of boots Stlth
                                 h - amulet of reflection
HPRegen 0.35/turn                j - +4 ring of slaying
MPRegen 0.15/turn                (no ring)

@: lethally poisoned (-2 -> -5)
A: permanent stasis, dig shafts and tunnels, antennae 3, four strong arms
a: Dig, Shaft Self, Renounce Religion, Heroism, Finesse, Duel


You were on level 11 of the Dungeon.
You worshipped Okawaru.
Okawaru was extremely pleased with you.
You visited 2 branches of the dungeon, and saw 12 of its levels.
You also visited: Ossuary.

You collected 559 gold pieces.

Inventory:

Hand Weapons
 l - a +0 battleaxe (weapon)
   (You took it off an orc warrior on level 7 of the Dungeon)
Missiles
 m - 2 throwing nets
Armour
 c - a +0 buckler (worn)
 f - a +0 pair of boots (worn)
   (You found it on level 8 of the Dungeon)
 u - a +0 plate armour (worn)
   (You found it on level 3 of the Dungeon)
 v - a scarf of harm
   (You found it on level 6 of the Dungeon)
 y - a +2 cloak of willpower (worn)
   (You took it off Maurice on level 8 of the Dungeon)
 z - a +0 tower shield
   (You found it on level 6 of the Dungeon)
Jewellery
 h - an amulet of reflection (around neck)
   (You found it on level 3 of the Dungeon)
 j - a +4 ring of slaying (left hand)
   (You found it on level 9 of the Dungeon)
Wands
 g - a wand of roots (15)
   (You took it off Grinder on level 3 of the Dungeon)
 k - a wand of light (13)
   (You found it on level 8 of the Dungeon)
 D - a wand of paralysis (17)
   (You took it off an orc wizard on level 6 of the Dungeon)
Scrolls
 a - a scroll of vulnerability
 o - a scroll of silence
 p - a scroll of fear
 r - 4 scrolls of identify
 s - 4 scrolls of fog
 x - 3 scrolls of immolation
 B - 2 scrolls of enchant weapon
Potions
 b - 2 potions of magic
 d - 3 potions of might
 e - 8 potions of ambrosia
 i - 3 potions of flight
 n - 2 potions of lignification
 q - 3 potions of curing
 t - 2 potions of mutation
 w - 2 potions of heal wounds
 A - 2 potions of invisibility
Miscellaneous
 C - a tin of tremorstones (inert)
   (You found it on level 10 of the Dungeon)


   Skills:
 + Level 8.7 Fighting
 * Level 15.4 Axes
 + Level 8.7 Armour
 + Level 10.3 Shields
 + Level 7.4 Invocations
 - Level 3.0 Evocations


You had 11 spell levels left.
You didn't know any spells.
Your spell library was empty.

Dungeon Overview and Level Annotations

Branches:
Dungeon (11/15)            Temple (1/1) D:5         Ossuary (visited)
   Lair: D:8-11         Orc: D:9-12

Altars:
Ashenzari
Cheibriados
Dithmenos
Elyvilon
Fedhas
Gozag
Hepliaklqana
Kikubaaqudgha
Makhleb
Nemelex Xobeh
Okawaru
Qazlal
Ru
Sif Muna
Trog
Uskayaw
Vehumet
Wu Jian
Xom
Yredelemnul
Zin
The Shining One

Shops:
D:5 =

Annotations:
D:7 1 runed translucent door, Crazy Yiuf


Innate Abilities, Weirdness & Mutations

You cannot be hasted, slowed, berserked, paralysed or teleported.
You can dig through walls and to a lower floor.
You have a pair of large antennae on your head. (SInv)
Your four strong arms can wield two-handed weapons with a shield.


Message History

The crimson imp disappears in a puff of smoke!
You slash the chaos spawn!
The kobold demonologist mumbles some strange words.
The tremorstone explodes into fragments!
The burst of rock shards engulfs the crimson imp!!
You kill the crimson imp!
The crimson imp disappears in a puff of smoke!
The burst of rock shards engulfs the shadow imp!
You kill the shadow imp!
The shadow imp disappears in a puff of smoke!
The burst of rock shards engulfs the kobold brigand!!
The burst of rock shards engulfs the ufetubus!!
You kill the ufetubus!
The ufetubus disappears in a puff of smoke!
The burst of rock shards engulfs the kobold demonologist!!
Okawaru accepts your kill.
You feel a bit more experienced.
The burst of rock shards engulfs the kobold demonologist!
You hear a shout!
You hear an angry hiss.
You block the chaos spawn's attack.
The kobold brigand hits you but does no damage.
The kobold demonologist mumbles some strange words.
The kobold demonologist hits you but does no damage.
The tremorstone explodes into fragments!
The burst of rock shards engulfs the ice devil but does no damage.
The burst of rock shards engulfs the kobold demonologist!
You kill the kobold demonologist!
Okawaru accepts your kill.
The white imp disappears in a puff of smoke!
The ice devil disappears in a puff of smoke!
The burst of rock shards engulfs the kobold demonologist!!
You kill the kobold demonologist!
Okawaru accepts your kill.
You can now enter into single combat with a foe.
Okawaru will now gift you equipment as you gain piety.
The burst of rock shards engulfs the kobold brigand!!
Okawaru accepts your kill.
The ice devil disappears in a puff of smoke!
You feel a bit more experienced.
The burst of rock shards engulfs the kobold demonologist!
The burst of rock shards engulfs the kobold brigand!!
You kill the kobold brigand!
Okawaru accepts your kill.
The burst of rock shards engulfs the kobold demonologist!
The tin is emptied!
The chaos spawn gores you but does no damage.
You block the kobold demonologist's attack.
Unknown command.
The kobold demonologist casts a cantrip, but nothing happens.
You block the kobold demonologist's attack.
A cyclops comes into view.
Items here: ) [[ | ††.
You slice the kobold demonologist!!
You kill the kobold demonologist!
Okawaru accepts your kill.
You barely miss the kobold demonologist.
You slash the kobold demonologist!
You kill the kobold demonologist!
Okawaru accepts your kill.
The chaos spawn degenerates into a cloud of primal chaos!
The kobold demonologist hits you but does no damage.
You are poisoned.
You closely miss the kobold demonologist.
The kobold demonologist is moderately wounded.
You slice the kobold!!
You kill the kobold!
You feel sick.
The kobold demonologist barely misses you.
You hit the kobold demonologist but do no damage.
The kobold demonologist is moderately wounded.
You completely miss the crimson imp.
You feel sick.
The crimson imp blinks!
The kobold demonologist barely misses you.
You slash the kobold demonologist!
The kobold demonologist is severely wounded.
You slash the crimson imp!
You feel sick.
The crimson imp blinks!
A komodo dragon comes into view.
You block the kobold demonologist's attack.
A wraith comes into view.
You closely miss the kobold demonologist.
The kobold demonologist is severely wounded.
You slash the ufetubus!
You kill the ufetubus!
The ufetubus disappears in a puff of smoke!
You feel sick.
The kobold demonologist hits you but does no damage.
You are more poisoned.
You slash the kobold demonologist!
You kill the kobold demonologist!
Okawaru accepts your kill.
The crimson imp disappears in a puff of smoke! x2
You slash the cyclops!
You feel sick.
You slash the cyclops!
The cyclops is moderately wounded.
You feel sick. The cyclops hits you!!
You slash the cyclops!
The cyclops is heavily wounded.
You barely miss the komodo dragon.
You feel sick. The komodo dragon bites you!!
* * * LOW HITPOINT WARNING * * *
The cyclops hits you!!
You die...

#..# #..# #..#
#..# #..# #..#
######..####..#
#..#
#..............
....
#....^..........
######..#####.
#..# #)l# #>@#
#......WC....§.
#......§)).....
#.#######..####
. ..# ..# .# ..


You could see a cyclops, a komodo dragon and a wraith.

Vanquished Creatures
  Fannar (D:11)
  An ogre mage (D:11)
  5 large abominations (D:10)
  A wizard (D:10)
  Pikel (D:7)
  Maurice (D:8)
  Maggie (D:7)
  6 kobold demonologists (D:11)
  Psyche (D:8)
  A komodo dragon (D:10)
  A troll (D:9)
  A queen bee (D:10)
  Grinder (D:3)
  16 yaks
  3 wraiths
  A shadow (D:11)
  2 wyverns
  A steam dragon (D:7)
  Eustachio (D:5)
  7 small abominations (D:10)
  3 water moccasins
  4 black bears
  An orc warrior (D:7)
  An ice beast (D:8)
  5 centaurs
  A phantom (D:5)
  3 kobold brigands
  4 bullfrogs
  2 necrophages
  A gnoll sergeant (D:5)
  3 scorpions
  3 wights (D:8)
  44 killer bees
  5 howler monkeys
  3 hounds
  3 jellies
  5 orc priests
  A gnoll bouda (D:8)
  Jessica (D:3)
  Natasha (thrice) (D:2)
  3 iguanas
  10 orc wizards
  A mummy (Ossuary)
  Robin (D:3)
  9 gnolls
  4 adders
  A shadow imp (D:8)
  4 white imps
  2 ufetubi (D:5)
  5 worms
  3 dart slugs
  49 orcs
  6 endoplasms
  2 giant cockroaches
  6 goblins
  7 hobgoblins
  5 jackals
  2 quokkas
  4 ball pythons
  3 bats
  5 frilled lizards
  6 gnoll skeletons (Ossuary)
  13 kobolds
  6 kobold skeletons (Ossuary)
  13 orc skeletons (Ossuary)
  2 rats
321 creatures vanquished.

Vanquished Creatures (others)
  4 fungi
  2 plants (D:1)
6 creatures vanquished.

Grand Total: 327 creatures vanquished

Notes
Turn   | Place    | Note
-------+----------+-------------------------------------------
     0 | D:1      | Flugslaktarn the Formicid Fighter began the quest for the
                  | Orb.
     0 | D:1      | Reached XP level 1. HP: 18/18 MP: 1/1
   173 | D:1      | Reached XP level 2. HP: 19/24 MP: 2/2
   265 | D:1      | Found a faded altar of an unknown god.
   830 | D:1      | Reached XP level 3. HP: 29/29 MP: 3/3
  1360 | D:2      | You fall into a shaft and drop 1 floor!
  1618 | D:2      | Noticed Natasha
  1627 | D:2      | Killed Natasha
  1628 | D:2      | Reached skill level 3 in Axes
  1628 | D:2      | Reached XP level 4. HP: 23/37 MP: 4/4
  1721 | D:2      | Noticed Natasha
  1736 | D:2      | Killed Natasha
  2054 | D:2      | Noticed Natasha
  2064 | D:2      | Killed Natasha
  2065 | D:2      | Reached XP level 5. HP: 14/42 MP: 5/5
  2382 | D:3      | Noticed Robin
  2399 | D:3      | Killed Robin
  2687 | D:3      | Noticed Jessica
  2689 | D:3      | Killed Jessica
  2690 | D:3      | Reached skill level 5 in Shields
  2722 | D:3      | Noticed Grinder
  2733 | D:3      | Killed Grinder
  2734 | D:3      | Reached skill level 4 in Axes
  2734 | D:3      | Reached XP level 6. HP: 23/49 MP: 6/6
  2854 | D:3      | Found a blossoming altar of Fedhas.
  3049 | D:3      | Reached XP level 7. HP: 52/55 MP: 7/7
  3944 | D:4      | Reached skill level 1 in Evocations
  3974 | D:4      | Reached skill level 5 in Axes
  3983 | D:4      | Reached skill level 5 in Fighting
  3983 | D:4      | Reached skill level 5 in Armour
  4323 | D:5      | Entered Level 5 of the Dungeon
  4420 | D:5      | Reached XP level 8. HP: 52/62 MP: 8/8
  4453 | D:5      | Found Rerrinaw's Jewellery Shop.
  4477 | D:5      | Found a staircase to the Ecumenical Temple.
  4493 | Temple   | Entered the Ecumenical Temple
  4911 | Temple   | Became a worshipper of Warmaster Okawaru
  5093 | D:5      | Reached skill level 1 in Invocations
  5170 | D:5      | Reached skill level 6 in Axes
  5342 | D:5      | Reached * piety under Okawaru
  5384 | D:5      | Identified the +0 leather armour of the Morning Star {rPois
                  | rN+}
  5391 | D:5      | Noticed Eustachio
  5422 | D:5      | Killed Eustachio
  5423 | D:5      | Reached XP level 9. HP: 53/69 MP: 10/10
  6178 | D:6      | Found a sand-covered staircase.
  6183 | Ossuary  | Entered an ossuary
  6280 | Ossuary  | Reached skill level 7 in Axes
  6539 | D:6      | Reached ** piety under Okawaru
  6884 | D:6      | Identified the +6 dagger of the Bounties {speed, Will+}
  7117 | D:6      | Reached skill level 13 in Axes
  7117 | D:6      | Reached XP level 10. HP: 77/77 MP: 12/12
  7300 | D:7      | Found a radiant altar of Vehumet.
  7461 | D:7      | Noticed Maggie
  7462 | D:7      | Reached *** piety under Okawaru
  7479 | D:7      | Killed Maggie
  7480 | D:7      | Reached XP level 11. HP: 28/83 MP: 14/14
  7713 | D:7      | Noticed Pikel
  7725 | D:7      | Killed Pikel
  7817 | D:7      | Found a runed translucent door.
  7818 | D:7      | Noticed Crazy Yiuf
  8470 | D:8      | Found a glowing silver altar of Zin.
  8470 | D:8      | Noticed an angel
  8506 | D:8      | Found an ornate altar of the Wu Jian Council.
  8567 | D:8      | Reached **** piety under Okawaru
  8568 | D:8      | Reached skill level 14 in Axes
  8590 | D:8      | Reached skill level 5 in Invocations
  8596 | D:8      | Received a gift from Okawaru
  8941 | D:8      | Noticed Maurice
  8955 | D:8      | Killed Maurice
  9009 | D:8      | Noticed Psyche
  9024 | D:8      | Killed Psyche
  9069 | D:8      | Found a sparkling altar of Nemelex Xobeh.
  9311 | D:8      | Found a hide-covered altar of Uskayaw.
  9613 | D:9      | Identified the +1 quarterstaff of the Viper {speed, Int+4}
  9934 | D:9      | Found a glowing golden altar of the Shining One.
 10348 | D:10     | Entered Level 10 of the Dungeon
 10374 | D:10     | Reached XP level 12. HP: 80/92 MP: 13/16
 10663 | D:10     | Identified the +3 hand axe "Vabien" {drain, Dex+2}
 10966 | D:10     | Found a broken altar of Ashenzari.
 11126 | D:10     | Noticed a large abomination
 11143 | D:10     | Killed a large abomination
 11516 | D:10     | Reached skill level 15 in Axes
 11675 | D:11     | Noticed an ogre mage
 11680 | D:11     | Killed an ogre mage
 11721 | D:11     | Reached skill level 10 in Shields
 11810 | D:11     | Noticed Fannar
 11830 | D:11     | Killed Fannar
 11872 | D:11     | Reached ***** piety under Okawaru
 11882 | D:11     | Slain by a cyclops

Illustrated notes

Levels and vault maps discovered:
D:1:      dpeg_arrival_ternary, layout_basic, dreamdust_ecumenical_altar_grove,
          corexii_item_surrounded_by_moat
D:2:      layout_basic, chequers_serial_rivers_room_a, uniq_natasha
D:3:      layout_loops_ring, mainiacjoe_overflow_brackets, uniq_jessica,
          uniq_robin, uniq_grinder
D:4:      layout_rooms, minmay_puff
D:5:      minmay_octagon_keep, layout_basic, minmay_temple_entry_sparse_star,
          serial_shops, nicolae_shop_waterfront, uniq_eustachio
D:6:      layout_basic, enter_ossuary_5
D:7:      layout_rooms, vehumet_altar_wand_db, grunt_decor_fettered,
          uniq_crazy_yiuf_cottage, uniq_pikel, uniq_maggie
D:8:      layout_basic, zin_angel, kennysheep_mini,
          nemelex_xobeh_ov_fountains_minmay, old_standard_altar, uniq_psyche,
          uniq_maurice
D:9:      layout_long_grid, lemuel_round_altar
D:10:     layout_roguey, ashenzari_altar_1, special_room [special_room_bee],
          laboratory
D:11:     layout_small_grid, david_lair_shrubbed, orc_0_dummy,
          portal_ice_cave_entry_imps, minmay_microvault, uniq_fannar
Temple:   minmay_temple_curvy_branch

Skill      XL: |  1  2  3  4  5  6  7  8  9 10 11 12 |
---------------+-------------------------------------+-----
Axes           | 3 4 5 6 13 14 15 | 15.4
Fighting       | 4 5 6 7 8 |  8.7
Armour         | 4 5 6 7 8 |  8.7
Shields        | 5 6 7 9 10 | 10.3
Evocations     | 1 3 |  3.0
Invocations    | 2 3 4 6 7 |  7.4

Action                     |  1- 3 |  4- 6 |  7- 9 | 10-12 || total
---------------------------+-------+-------+-------+-------++-------
  Melee: War axe           |    79 |    69 |   342 |   109 ||   599
         Battleaxe         |       |       |       |   397 ||   397
 Invoke: Heroism           |       |       |       |    13 ||    13
Ability: Dig               |       |       |     1 |       ||     1
  Evoke: Wand              |       |       |       |    11 ||    11
         Tin of tremorston |       |       |       |     2 ||     2
    Use: Scroll            |       |       |    13 |     5 ||    18
         Potion            |       |       |     6 |     3 ||     9
   Stab: Paralysed         |       |       |       |     4 ||     4
 Armour: Scale mail        |    33 |    17 |     3 |       ||    53
         Plate armour      |       |       |   228 |   180 ||   408
         Skin              |       |       |       |    34 ||    34
  Dodge: Dodged            |    26 |    29 |    90 |   140 ||   285
  Block: Buckler           |    22 |    14 |   202 |   319 ||   557
         Reflection        |       |       |     5 |     4 ||     9

Table legend: (Time is in decaauts)
 A = Elapsed time spent in this place.
 B = Non-inter-level travel time spent in this place.
 C = Inter-level travel time spent in this place.
 D = Time resting spent in this place.
 E = Time spent auto-exploring this place.
 F = Levels seen in this place.
 G = Mean time per level.
                   A        B        C        D        E       F      G
               +--------+--------+--------+--------+--------+-----+--------+
         Total |  11941 |  11392 |    549 |    945 |   8377 |  13 |  918.5 |
       Dungeon |  11280 |  10780 |    500 |    800 |   8018 |  11 | 1025.5 |
        Temple |    443 |    394 |     49 |    145 |    244 |   1 |  443.0 |
       Ossuary |    217 |    217 |      0 |      0 |    115 |   1 |  217.0 |
               +--------+--------+--------+--------+--------+-----+--------+

Top non-repeatable levels by time:
     D:5: 1272 daAuts
     D:3: 1255 daAuts
     D:8: 1249 daAuts
    D:10: 1225 daAuts
     D:2: 1122 daAuts
     D:1: 1097 daAuts
     D:6: 1044 daAuts
     D:7: 959 daAuts
     D:4: 922 daAuts
     D:9: 865 daAuts
  Temple: 443 daAuts
    D:11: 266 daAuts
 Ossuary: 217 daAuts
